 Dungeon Crawl Stone Soup version 0.19.0-9-gfd783f2 (webtiles) character file.

3957 Malachi the Insei (level 10, -7/82 (85) HPs)
             Began as a Demonspawn Transmuter on Nov 8, 2016.
             Was a Follower of Kikubaaqudgha.
             Mangled by a gnoll
             ... wielding a +0 halberd
              (10 damage)
             ... on level 7 of the Dungeon.
             The game lasted 00:18:59 (10848 turns).

Malachi the Insei (Demonspawn Transmuter)          Turns: 10848, Time: 00:19:00

HP:   -7/82 (85)    AC:  4    Str: 10    XL:     10   Next: 2%
MP:   17/18         EV: 12    Int: 23    God:    Kikubaaqudgha [*.....]
Gold: 302           SH:  0    Dex: 14    Spells: 4 memorised, 10 levels left

rFire  x . .     SeeInvis .       - Unarmed
rCold  + + +     Gourm    .     (armour currently unavailable)
rNeg   . . .     Faith    .     (shield currently unavailable)
rPois  +         Spirit   .     (helmet currently unavailable)
rElec  .         Reflect  .     (cloak currently unavailable)
rCorr  .         Harm     .     (gloves currently unavailable)
MR     .....                    (boots currently unavailable)
Stlth  ++........               (no amulet)
                                k - +5 ring of intelligence
                                x - -2 ring of protection (curse)

@: ice-form
A: (talons 0), demonic guardian 2, (spiny 0)
a: End Transformation, Receive Corpses, Renounce Religion


You were on level 7 of the Dungeon.
You worshipped Kikubaaqudgha.
Kikubaaqudgha was aware of your devotion.
You were hungry.
You were a creature of crystalline ice.
You visited 2 branches of the dungeon, and saw 8 of its levels.

You collected 302 gold pieces.

Inventory:

Missiles
 a - 121 arrows
 q - 8 javelins (quivered)
Armour
 b - a +1 robe (melded)
 o - a +0 pair of gloves
Jewellery
 g - an uncursed ring of flight
 k - a +5 ring of intelligence (right front paw)
 s - an uncursed ring of teleportation
 v - an uncursed ring of loudness
 x - a cursed -2 ring of protection (left front paw)
Wands
 r - a wand of disintegration (4/24)
 u - a wand of acid (10/15)
Scrolls
 e - a scroll of recharging
 i - 2 scrolls of enchant weapon
 j - 9 scrolls of identify
 m - 3 scrolls of amnesia
 n - a scroll of magic mapping
 p - a scroll of immolation
 t - a scroll of enchant armour
 w - a scroll of blinking
 z - a scroll of remove curse
 C - a scroll of silence {unknown}
 F - a scroll of teleportation
Potions
 l - a potion of lignification
 A - a potion of beneficial mutation {unknown}
 B - a potion of resistance {unknown}
 D - 2 potions of cancellation {unknown}
Books
 c - a book of Changes

   Spells                             Type                      Level
   a - Beastly Appendage              Transmutation                1
   b - Sticks to Snakes               Transmutation                2
   c - Spider Form                    Transmutation/Poison         3
   d - Ice Form                       Ice/Transmutation            4
   e - Blade Hands                    Transmutation                5
 y - a book of Frost

   Spells                             Type                      Level
   a - Freeze                         Ice                          1
   b - Throw Frost                    Conjuration/Ice              2
   c - Ozocubu's Armour               Charms/Ice                   3
   d - Throw Icicle                   Conjuration/Ice              4
   e - Summon Ice Beast               Ice/Summoning                4
 E - Kikubaaqudgha's Almanac of Evil
   (Kikubaaqudgha gifted it to you on level 7 of the Dungeon)

   Spells                             Type                      Level
   a - Animate Skeleton               Necromancy                   1
   b - Corpse Rot                     Necromancy                   2
   c - Sublimation of Blood           Necromancy                   2
   d - Regeneration                   Charms/Necromancy            3
   e - Control Undead                 Necromancy                   4
Comestibles
 d - 6 bread rations
 f - 4 beef jerkies
 h - 2 meat rations


   Skills:
 + Level 3.7 Fighting
 + Level 5.1 Dodging
 + Level 3.3 Stealth
 + Level 7.7 Unarmed Combat
 + Level 5.7 Spellcasting
 + Level 5.1 Transmutations
 * Level 3.8 Ice Magic
 - Level 1.7 Poison Magic
 + Level 1.5 Evocations


You had 10 spell levels left.
You knew the following spells:

 Your Spells              Type           Power        Failure   Level  Hunger
a - Beastly Appendage     Tmut           ####..       1%          1    None
b - Spider Form           Tmut/Pois      ###.......   10%         3    #......
c - Sticks to Snakes      Tmut           ####....     1%          2    None
d - Ice Form              Ice/Tmut       ####....     17%         4    ###....


Dungeon Overview and Level Annotations

Branches:
Dungeon (7/15)             Temple (1/1) D:5

Altars:
Cheibriados
Dithmenos
Elyvilon
Hepliaklqana
Kikubaaqudgha
Makhleb
Nemelex Xobeh
Okawaru
Qazlal
Ru
Sif Muna
Trog
Uskayaw
Vehumet
Xom
Yredelemnul
Zin
The Shining One


Innate Abilities, Weirdness & Mutations

((You have sharp toenails.))
A demonic guardian rushes to your aid.
((You are partially covered in sharp spines.))


Message History

The gnoll is moderately wounded.
The gnoll hits you from afar with a spear!
* * * LOW HITPOINT WARNING * * *
The gnoll closely misses you.
You are too injured to fight recklessly!
You are too injured to fight recklessly!
The gnoll hits you from afar with a halberd!
* * * LOW HITPOINT WARNING * * *
You punch the gnoll! You freeze the gnoll.
You kill the gnoll!
Kikubaaqudgha accepts your kill.
The gnoll hits you from afar with a halberd!
* * * LOW HITPOINT WARNING * * *
Things that are here:
a club; a gnoll corpse The gnoll hits you from afar with a halberd.
* * * LOW HITPOINT WARNING * * *
The gnoll hits you from afar with a halberd!
You die...
Kikubaaqudgha rasps: "You have failed me!
Welcome... death!"

#...............##
#.................#
#.................#
#.................#
#.................## .
#..................# .
#..........gg......# .
#..................# ###
. #..........Y......##
#.# .
#................## ##.#
. ####............####
#.## . ...........######
#.# ########..## #.#
##..# #.# ##).######
##.# ##........##
######..#
##..........####.......#


You could see 2 gnolls.

Vanquished Creatures
  Pikel (D:7)
  The ghost of Ge0ff the Poker, a novice HuWr (D:6)
  Grinder (D:4)
  Sigmund (D:2)
  Eustachio (D:4)
  Edmund (D:4)
  Duvessa (D:4)
  An orc warrior (D:6)
  An ice beast (D:5)
  A phantom (D:7)
  A slave (D:6)
  An ogre (D:4)
  A sky beast (D:6)
  3 necrophages
  A centaur (D:6)
  2 big kobolds
  4 bullfrogs
  A water moccasin skeleton (D:7)
  Dowan (D:4)
  4 scorpions
  A crimson imp (D:3)
  A jelly (D:7)
  A quasit (D:5)
  A gnoll shaman (D:7)
  5 orc priests
  3 hounds
  2 bullfrog skeletons
  A centaur skeleton (D:7)
  2 orc wizards
  4 iguanas
  Jessica (D:2)
  4 worker ants
  A hound skeleton (D:5)
  A hound zombie (D:7)
  A worker ant zombie (D:5)
  8 gnolls
  A howler monkey zombie (D:6)
  7 adders
  4 shadow imps
  An adder skeleton (D:6)
  4 worms
  A dart slug (D:1)
  3 leopard geckos
  8 orcs
  A ball python (D:1)
  6 bats
  4 giant cockroaches
  8 hobgoblins
  20 jackals
  8 kobolds
  2 quokkas
  6 frilled lizards
  6 goblins
  5 rats
161 creatures vanquished.

Vanquished Creatures (collateral kills)
  An ice beast (D:6)
  2 gnolls (D:6)
  An orc (D:6)
  2 kobolds (D:7)
6 creatures vanquished.

Vanquished Creatures (others)
  A big kobold (D:7)
  A hound zombie (D:7)
  5 kobolds (D:7)
7 creatures vanquished.

Grand Total: 174 creatures vanquished

Notes
Turn   | Place    | Note
-------+----------+-------------------------------------------
     0 | D:1      | Malachi the Demonspawn Transmuter began the quest for the Orb.
     0 | D:1      | Reached XP level 1. HP: 15/15 MP: 3/3
   213 | D:1      | Gained mutation: You have sharp toenails. [demonic ancestry]
   213 | D:1      | Reached XP level 2. HP: 21/21 MP: 3/5
   225 | D:1      | Reached skill level 3 in Unarmed Combat
  1065 | D:2      | Reached XP level 3. HP: 12/26 MP: 6/6
  1418 | D:2      | Found a radiant altar of Vehumet.
  1519 | D:2      | Noticed Jessica
  1535 | D:2      | Killed Jessica
  1739 | D:2      | Noticed Sigmund
  1746 | D:2      | Learned a level 3 spell: Spider Form
  1893 | D:2      | Killed Sigmund
  1893 | D:2      | Reached skill level 4 in Unarmed Combat
  1893 | D:2      | Reached XP level 4. HP: 18/32 MP: 1/8
  1893 | D:2      | Gained mutation: You are partially covered in sharp spines. [demonic ancestry]
  1893 | D:2      | Reached XP level 5. HP: 21/37 MP: 1/9
  2584 | D:3      | Found a hide-covered altar of Uskayaw.
  2998 | D:3      | Reached skill level 1 in Stealth
  2998 | D:3      | Reached XP level 6. HP: 36/43 MP: 8/10
  3639 | D:3      | Learned a level 2 spell: Sticks to Snakes
  4455 | D:4      | Reached XP level 7. HP: 26/49 MP: 11/13
  5012 | D:4      | Noticed Grinder
  5041 | D:4      | Killed Grinder
  5041 | D:4      | Reached skill level 5 in Unarmed Combat
  5529 | D:4      | Reached skill level 1 in Poison Magic
  5643 | D:4      | Noticed Duvessa
  5650 | D:4      | Noticed Dowan
  5660 | D:4      | Killed Dowan
  5664 | D:4      | HP: 1/50 [Duvessa/short sword (19)]
  5664 | D:4      | Killed Duvessa
  5664 | D:4      | Reached skill level 1 in Evocations
  5664 | D:4      | Reached XP level 8. HP: 1/57 MP: 14/14
  6038 | D:4      | Noticed Eustachio
  6060 | D:4      | Killed Eustachio
  6588 | D:4      | Noticed Edmund
  6607 | D:4      | Killed Edmund
  6682 | D:5      | Entered Level 5 of the Dungeon
  6853 | D:5      | Learned a level 4 spell: Ice Form
  6902 | D:5      | Found a staircase to the Ecumenical Temple.
  6928 | D:5      | Reached skill level 5 in Spellcasting
  7339 | D:5      | Found a deep blue altar of Sif Muna.
  7407 | D:5      | Reached skill level 1 in Ice Magic
  7454 | D:5      | Reached skill level 6 in Unarmed Combat
  7805 | Temple   | Entered the Ecumenical Temple
  7945 | Temple   | Became a worshipper of Kikubaaqudgha
  8004 | D:6      | Noticed Ge0ff's ghost (novice HuWr)
  8026 | D:6      | Killed Ge0ff's ghost
  8026 | D:6      | Gained mutation: A weak demonic guardian rushes to your aid. [demonic ancestry]
  8026 | D:6      | Reached XP level 9. HP: 54/64 MP: 12/16
  8885 | D:6      | Found a basalt altar of Yredelemnul.
  8889 | D:6      | Found a glowing silver altar of Zin.
  8982 | D:6      | Found a sparkling altar of Nemelex Xobeh.
  9337 | D:7      | Reached skill level 7 in Unarmed Combat
  9338 | D:7      | Noticed Pikel
  9654 | D:7      | Killed Pikel
  9926 | D:7      | Reached * piety under Kikubaaqudgha
  9926 | D:7      | Identified Kikubaaqudgha's Almanac of Evil (Kikubaaqudgha gifted it to you on level 7 of the Dungeon)
  9926 | D:7      | Received a gift from Kikubaaqudgha
  9926 | D:7      | Reached skill level 5 in Dodging
  9926 | D:7      | Reached skill level 5 in Transmutations
 10800 | D:7      | Gained mutation: A demonic guardian rushes to your aid. [demonic ancestry]
 10800 | D:7      | Reached XP level 10. HP: 61/69 MP: 16/18
 10841 | D:7      | HP: 2/82 [gnoll/halberd (5)]
 10848 | D:7      | Mangled by a gnoll

Skill      XL: |  1  2  3  4  5  6  7  8  9 |
---------------+----------------------------+-----
Dodging        | 2 3 4 5 |  5.1
Unarmed Combat | 3 4 5 6 7 |  7.7
Transmutations | 2 3 4 5 |  5.1
Spellcasting   | 3 4 5 |  5.7
Stealth        | 1 2 3 |  3.3
Fighting       | 2 3 |  3.7
Poison Magic   | 1 |  1.7
Evocations     | 1 |  1.5
Ice Magic      | 1 3 |  3.8

Action                   |  1- 3 |  4- 6 |  7- 9 | 10-12 || total
-------------------------+-------+-------+-------+-------++-------
Melee: Unarmed           |    97 |   124 |   310 |    11 ||   542
       Headbutt          |    11 |    17 |     9 |       ||    37
       Kick              |    11 |    26 |    30 |       ||    67
       Punch             |     1 |     4 |     2 |       ||     7
 Cast: Beastly Appendage |    18 |    27 |    11 |       ||    56
       Spider Form       |     1 |       |    11 |       ||    12
       Ice Form          |       |       |    11 |     1 ||    12
       Sticks to Snakes  |       |       |     3 |       ||     3
Evoke: Wand              |       |     1 |     7 |       ||     8
  Use: Potion            |     3 |       |     4 |       ||     7
       Scroll            |       |       |    13 |       ||    13
 Stab: Sleeping          |       |     5 |       |       ||     5
       Distracted        |       |       |     2 |       ||     2
  Eat: Chunk             |     3 |     8 |     9 |       ||    20
       Bread ration      |       |       |     3 |       ||     3
       Fruit             |       |       |     1 |       ||     1
Armor: Robe              |    20 |    11 |     8 |       ||    39
       Skin              |       |       |    29 |       ||    29
Dodge: Dodged            |    76 |    58 |   234 |     9 ||   377
